 Dungeon Crawl Stone Soup version 0.25.1-2-g60ff931df9 (webtiles) character file.

Game seed: 8189194885627376376

246 hellfireifrit the Poker (level 5, 0/47 HPs)
             Began as a Minotaur Abyssal Knight on Nov 27, 2020.
             Was a Believer of Lugonu.
             Hit by a stone thrown by a gnoll (2 damage)
             ... on level 3 of the Dungeon on Nov 28, 2020.
             The game lasted 00:18:44 (2462 turns).

hellfireifrit the Poker (Minotaur Abyssal Knight)   Turns: 2462, Time: 00:18:44

Health: 0/47       AC:  6    Str: 17    XL:     5   Next: 84%
Magic:  4/5        EV: 10    Int:  9    God:    Lugonu [**....]
Gold:   165        SH:  0    Dex: 10    Spells: 4/4 levels left

rFire    . . .     SeeInvis .   a - +1 spear
rCold    . . .     Gourm    .   (no shield)
rNeg     . . .     Faith    .   u - +0 scale mail
rPois    .         Spirit   .   (helmet restricted)
rElec    .         Reflect  .   (no cloak)
rCorr    .         Harm     .   (no gloves)
MR       .....                  (no boots)
Stlth    ..........             (no amulet)
HPRegen  0.15/turn              (no ring)
MPRegen  0.09/turn              (no ring)

@: no status effects
A: retaliatory headbutt, horns 2
a: Depart the Abyss, Bend Space, Renounce Religion


You were on level 3 of the Dungeon.
You worshipped Lugonu.
Lugonu was pleased with you.
You were not hungry.

You visited 1 branch of the dungeon, and saw 3 of its levels.
You visited the Abyss 1 time.

You collected 165 gold pieces.

Inventory:

Hand Weapons
 a - a +1 spear (weapon)
 f - a +0 dagger
 n - a -1 halberd
 p - a +0 hunting sling
 t - a +0 spear
Missiles
 h - 9 poisoned darts
 s - 28 stones (quivered)
Armour
 b - a +0 leather armour
 i - a +0 scale mail
 o - a +2 helmet
 u - a +0 scale mail (worn)
Jewellery
 e - a cursed -4 ring of dexterity
Wands
 r - a wand of iceblast (4)
Scrolls
 l - a scroll of teleportation
Comestibles
 c - 3 rations


   Skills:
 + Level 4.8 Fighting
 + Level 4.8 Polearms
 + Level 2.1 Throwing
 + Level 3.2 Armour
 + Level 2.3 Dodging
 + Level 0.6 Stealth
 + Level 1.9 Invocations


You had 4 spell levels left.
You didn't know any spells.
Your spell library was empty.

Dungeon Overview and Level Annotations

Branches:
Dungeon (3/15)

Altars:


Innate Abilities, Weirdness & Mutations

You reflexively headbutt those who attack you in melee.
You have a pair of horns on your head.


Message History

A gnoll comes into view. It is wielding a +0 spear.
You see here a stone.
You fail to use your ability.
You fail to use your ability.
The gnoll hits you from afar with a +0 spear!
Space bends around you!
You blink.
The gnoll throws a stone.
The stone hits you but does no damage. The gnoll hits you but does no damage.
Okay, then.
You don't know any spells.
The gnoll throws a stone.
The stone hits you.
* * * LOW HITPOINT WARNING * * *
The gnoll hits you from afar with a +0 spear.
* * * LOW HITPOINT WARNING * * *
The gnoll hits you from afar with a +0 spear.
* * * LOW HITPOINT WARNING * * *
You see here a stone.
Okay, then.
The gnoll throws a stone.
The stone hits you.
You die...

.# #.
#...#........ ..
#.# ###..........
#...###.#
##.########
#g....#.# #.# #
#.g##.#.# #.# #
#..##.#.########.#
#.g##.#..........#
#..##.#..#########
#..#.g..@# #####
#.(..#g†(# ≈≈≈..
##.#..g#.# .≈≈≈≈##
#....(..#
###≈≈≈#######.####
....≈.........#
###############


You could see 3 gnolls.

Vanquished Creatures
  A black bear (D:2)
  A hound skeleton (D:2)
  3 gnolls (D:2)
  3 adders
  An ooze (D:1)
  4 worms
  A leopard gecko (D:1)
  6 orcs (D:3)
  8 bats
  5 giant cockroaches
  7 goblins
  6 hobgoblins
  2 jackals (D:3)
  A quokka (D:2)
  A ball python (D:1)
  4 frilled lizards
  7 kobolds
  9 rats
70 creatures vanquished.

Notes
Turn   | Place    | Note
-------+----------+-------------------------------------------
     0 | Abyss:1  | hellfireifrit the Minotaur Abyssal Knight began the quest
                  | for the Orb.
     0 | Abyss:1  | Reached XP level 1. HP: 19/19 MP: 1/1
     0 | D:1      | Escaped the Abyss
    73 | D:1      | Reached * piety under Lugonu
   121 | D:1      | Reached XP level 2. HP: 15/27 MP: 2/2
   412 | D:1      | Reached XP level 3. HP: 33/33 MP: 3/3
   821 | D:2      | Reached ** piety under Lugonu
   950 | D:2      | Noticed a black bear
   960 | D:2      | Reached XP level 4. HP: 36/41 MP: 4/4
   969 | D:2      | Killed a black bear
   969 | D:2      | Reached skill level 1 in Throwing
   969 | D:2      | Reached XP level 5. HP: 31/47 MP: 5/5
  2249 | D:3      | Found a faded altar of an unknown god.
  2461 | D:3      | HP: 2/47 [gnoll/+0 spear (5)]
  2462 | D:3      | Hit by a stone thrown by a gnoll

Illustrated notes

Levels and vault maps discovered:
D:1:      dpeg_arrival_pond, layout_loops_ring, st_stairs_7
D:2:      layout_basic, minmay_misc_feat_alley
D:3:      layout_loops_ring, portal_sewer_entry_e, serial_rivers,
          chequers_serial_rivers_micro_a, chequers_serial_rivers_room_b,
          chequers_serial_rivers_micro_a, chequers_serial_rivers_small_a,
          chequers_serial_rivers_micro_d, chequers_ecumenical_altar_simple,
          minmay_increasing_density

Skill      XL: |  1  2  3  4  5 |
---------------+----------------+-----
Fighting       | 4 |  4.8
Polearms       | 3 4 |  4.8
Throwing       | 1 2 |  2.1
Armour         | 3 |  3.2
Dodging        | 2 |  2.3
Stealth        | |  0.6
Invocations    | |  1.9

Action                   |  1- 3 |  4- 6 || total
-------------------------+-------+-------++-------
Melee: Spear             |    84 |    89 ||   173
       Headbutt          |     7 |    12 ||    19
Throw: Stone             |    48 |    16 ||    64
       Dart              |     9 |     7 ||    16
Invok: Depart the Abyss  |     1 |       ||     1
       Bend Space        |       |     3 ||     3
  Use: Scroll            |     1 |     5 ||     6
       Potion            |       |     3 ||     3
  Eat: Ration            |       |     2 ||     2
Armor: Leather armour    |    20 |    15 ||    35
       Scale mail        |       |    10 ||    10
       Skin              |       |     1 ||     1
Dodge: Dodged            |    54 |    48 ||   102
